 Dungeon Crawl Stone Soup version 0.29.1-1-gd02db6906a (webtiles) character file.

Game seed: 14963465617918062719

9951 tardwrangler69 the Destroyer (level 11, -6/71 HPs)
             Began as a Deep Elf Earth Elementalist on Oct 8, 2022.
             Was an Initiate of Vehumet.
             Mangled by a gnoll sergeant
             ... wielding a +0 trident
              (16 damage)
             ... on level 11 of the Dungeon.
             The game lasted 00:14:38 (14214 turns).

tardwrangler69 the Destroyer (DEEE)                Turns: 14214, Time: 00:14:38

Health: -6/71      AC:  7    Str:  5    XL:     11   Next: 29%
Magic:  9/25       EV: 11    Int: 29    God:    Vehumet [......]
Gold:   733        SH:  0    Dex: 15    Spells: 20/26 levels left

rFire   . . .      SeeInvis .   x - +1 short sword (protect)
rCold   . . .      Faith    .   (no shield)
rNeg    . . .      Spirit   .   P - +1 leather armour of the Ancient Tusks {Will++ Int+4 Stlth-}
rPois   .          Reflect  .   D - +0 helmet
rElec   .          Harm     .   w - +0 cloak
rCorr   .          Rampage  .   (no gloves)
Will    +++..                   o - +0 pair of boots
Stlth   +.........              (no amulet)
HPRegen 0.21/turn               (no ring)
MPRegen 0.19/turn               (no ring)

@: about to teleport
A: no striking features
a: Renounce Religion


You were on level 11 of the Dungeon.
You worshipped Vehumet.
Vehumet was noncommittal.
You visited 2 branches of the dungeon, and saw 12 of its levels.

You collected 733 gold pieces.

Inventory:

Hand Weapons
 x - a +1 short sword of protection (weapon)
Armour
 m - a +2 robe of willpower
 o - a +0 pair of boots (worn)
 w - a +0 cloak (worn)
 D - a +0 helmet (worn)
 P - the +1 leather armour of the Ancient Tusks (worn) {Will++ Int+4 Stlth-}
   (You found it on level 11 of the Dungeon)

   Int:       It affects your intelligence (+4).
   Will:      It greatly increases your willpower.
   Stlth:     It makes you less stealthy.
Jewellery
 B - a +6 ring of dexterity
 G - a ring of poison resistance
 I - a ring of fire
Wands
 q - a wand of iceblast (12)
 F - a wand of mindburst (12)
 L - a wand of polymorph (1)
 M - a wand of acid (4)
Scrolls
 d - 10 scrolls of identify
 h - 3 scrolls of vulnerability
 j - a scroll of silence
 k - a scroll of immolation
 l - 2 scrolls of amnesia
 n - 2 scrolls of magic mapping
 p - 3 scrolls of enchant weapon
 r - 3 scrolls of summoning
 y - a scroll of poison {unknown}
 C - 5 scrolls of teleportation
 E - a scroll of noise {unknown}
 H - a scroll of blinking {unknown}
 J - 3 scrolls of butterflies {unknown}
Potions
 a - a potion of brilliance {unknown}
 b - 3 potions of magic
 c - a potion of lignification {unknown}
 e - a potion of might {unknown}
 f - a potion of haste {unknown}
 g - 2 potions of attraction {unknown}
 i - 2 potions of curing
 s - 3 potions of flight {unknown}
 t - 2 potions of resistance
 u - a potion of cancellation {unknown}
 v - 2 potions of degeneration {unknown}
 z - a potion of mutation {unknown}
 A - 4 potions of heal wounds {unknown}
 K - 3 potions of ambrosia {unknown}
 N - a potion of berserk rage {unknown}
Miscellaneous
 O - a box of beasts


   Skills:
 + Level 9.1 Fighting
 - Level 2.4 Dodging
 - Level 2.4 Stealth
 - Level 8.0 Spellcasting
 - Level 12.2 Conjurations
 - Level 1.1 Transmutations
 - Level 8.0 Earth Magic


You had 20 spell levels left.
You knew the following spells:

 Your Spells              Type           Power      Damage    Failure   Level
a - Sandblast             Erth           100%       2d20      1%          1
b - Stone Arrow           Conj/Erth      100%       3d13      1%          3
c - Passwall              Tmut/Erth      30%        N/A       1%          2

Your spell library contained the following spells:

 Spells                   Type           Power      Damage    Failure   Level
 Magic Dart               Conj           100%       1d8       1%          1
 Beastly Appendage        Tmut           36%        N/A       4%          1
 Mephitic Cloud           Conj/Pois/Air  35%        N/A       4%          3
 Summon Small Mammal      Summ           44%        N/A       8%          1
 Wereblood                Tmut           18%        N/A       8%          2
 Call Imp                 Summ           11%        N/A       12%         2
 Sublimation of Blood     Necr           11%        N/A       12%         2
 Petrify                  Tmut/Erth      37%        N/A       12%         4
 Irradiate                Conj/Tmut      25%        3d20      14%         5
 Spider Form              Tmut/Pois      14%        N/A       19%         3
 Call Canine Familiar     Summ           11%        N/A       22%         3
 Summon Guardian Golem    Hex/Summ       11%        N/A       22%         3
 Tukima's Dance           Hex            11%        N/A       22%         3
 Animate Dead             Necr           11%        N/A       58%         4
 Passage of Golubria      Tloc           11%        N/A       58%         4
 Yara's Violent Unravell  Hex/Tmut       7%         3d5       86%         5
 Haunt                    Necr/Summ      5%         N/A       100%        7
 Infestation              Necr           5%         N/A       100%        8


Dungeon Overview and Level Annotations

Branches:
Dungeon (11/15)            Temple (1/1) D:6             Orc (0/2) D:9
   Lair: D:8-11

Altars:
Ashenzari
Cheibriados
Dithmenos
Elyvilon
Fedhas
Gozag
Hepliaklqana
Kikubaaqudgha
Makhleb
Nemelex Xobeh
Okawaru
Qazlal
Ru
Sif Muna
Trog
Uskayaw
Vehumet
Wu Jian
Xom
Yredelemnul
Zin
The Shining One

Shops:
D:1 :


Message History

The yak is moderately wounded.
The gnoll sergeant shouts!
The yak gores you!
Casting: Sandblast (safe; 1% risk of failure)
Confirm with . or Enter, or press ? or * to list all spells.
Aiming: Sandblast (safe; 1% risk of failure)
Press: ? - help, Shift-Dir - straight line, f/p - yak
Aim: a yak (almost dead, 91% to hit)
The blast of sand hits the yak!
The yak is severely wounded.
The yak gores you. The yak gores you but does no damage.
Casting: Sandblast (safe; 1% risk of failure)
Confirm with . or Enter, or press ? or * to list all spells.
Aiming: Sandblast (safe; 1% risk of failure)
Press: ? - help, Shift-Dir - straight line, f/p - yak
Aim: a yak (almost dead, 91% to hit)
The blast of sand hits the yak!
You kill the yak!
Vehumet accepts your kill.
Your Fighting skill increases to level 9!
Casting: Sandblast (safe; 1% risk of failure)
Confirm with . or Enter, or press ? or * to list all spells.
Aiming: Sandblast (safe; 1% risk of failure)
Press: ? - help, Shift-Dir - straight line, f/p - yak
Aim: a yak (almost dead, 91% to hit)
The blast of sand hits the yak!!
You kill the yak!
Vehumet accepts your kill.
The gnoll sergeant hits you from afar with a +0 trident!
A gnoll comes into view. It is wielding a +0 whip.
The yak barely misses you.
The gnoll sergeant hits you from afar with a +0 trident.
A gnoll comes into view. It is wielding a +0 spear.
A gnoll comes into view. It is wielding a +0 flail.
The yak attacks as you move away! The yak gores you!
* * * LOW HITPOINT WARNING * * *
As you read the scroll of teleportation, it crumbles to dust.
You feel strangely unstable.
The gnoll sergeant hits you from afar with a +0 trident!
You die...

#. #######.#.#.##
#.# #.............
#.# #.#####.#.#.##
#.# #.# ##.....##
#.# #.# #........
#.###.####..######
#..g).).g...# #
#.YY..g....g....##
#@###.####g.###...
#.###†####..# .
#...YY...#....
#..8)8.8.#.####
#........#.#
#........#.<
#.#......#
#.#_)..... #
#.!.....#


You could see 2 yaks, a gnoll sergeant and 2 gnolls.

Vanquished Creatures
  A two-headed ogre (D:8)
  A faun (D:10)
  An unseen horror (D:11)
  Psyche (D:9)
  A kobold demonologist (D:10)
  A komodo dragon (D:11)
  2 hornets
  Prince Ribbit (D:9)
  Sigmund (D:2)
  15 yaks
  A shadow (D:11)
  A wyvern (D:8)
  A wraith (D:9)
  2 steam dragons
  Menkaure (D:4)
  3 orc warriors
  2 sky beasts
  Duvessa (D:4)
  An ice beast (D:5)
  3 ogres
  2 centaurs
  A phantom (D:6)
  3 kobold brigands
  2 bullfrogs (D:6)
  A gnoll sergeant (D:8)
  A necrophage (D:5)
  2 scorpions
  Dowan (D:4)
  18 wights
  9 killer bees
  An electric eel (D:10)
  4 hounds
  3 jellies
  3 orc priests
  Ijyb (D:3)
  Crazy Yiuf (D:4)
  Jessica (D:2)
  6 iguanas
  Natasha (thrice) (D:4)
  7 orc wizards
  10 gnolls
  10 adders
  A shadow imp (D:6)
  2 white imps
  An ufetubus (D:6)
  3 worms (D:2)
  3 dart slugs
  27 orcs
  9 endoplasms
  3 giant cockroaches
  7 goblins
  10 hobgoblins
  2 jackals (D:5)
  21 kobolds
  5 quokkas
  6 ball pythons
  6 bats
  2 frilled lizards (D:1)
  8 rats
247 creatures vanquished.

Notes
Turn   | Place    | Note
-------+----------+-------------------------------------------
     0 | D:1      | tardwrangler69 the Deep Elf Earth Elementalist began the
                  | quest for the Orb.
     0 | D:1      | Reached XP level 1. HP: 10/10 MP: 6/6
   167 | D:1      | Found a faded altar of an unknown god.
   269 | D:1      | Reached XP level 2. HP: 15/15 MP: 4/8
   995 | D:1      | Found Failou Jiri's Book Shoppe.
  1040 | D:1      | Reached XP level 3. HP: 19/19 MP: 5/10
  1519 | D:2      | Reached XP level 4. HP: 18/24 MP: 8/12
  1615 | D:2      | Reached skill level 5 in Spellcasting
  1939 | D:2      | Noticed Sigmund
  1952 | D:2      | Killed Sigmund
  1953 | D:2      | Reached skill level 5 in Earth Magic
  1953 | D:2      | Reached XP level 5. HP: 11/28 MP: 10/15
  1953 | D:2      | Reached XP level 6. HP: 13/32 MP: 11/17
  2499 | D:2      | Noticed Jessica
  2502 | D:2      | Killed Jessica
  2720 | D:3      | Noticed Ijyb
  2729 | D:3      | Killed Ijyb
  3722 | D:4      | Found a runed translucent door.
  3723 | D:4      | Noticed Crazy Yiuf
  3738 | D:4      | Noticed Natasha
  3742 | D:4      | Killed Natasha
  3878 | D:4      | Found a shadowy altar of Dithmenos.
  3887 | D:4      | Reached XP level 7. HP: 36/36 MP: 15/19
  3891 | D:4      | Learned a level 3 spell: Stone Arrow
  3894 | D:4      | Learned a level 2 spell: Passwall
  3914 | D:4      | Noticed Menkaure
  3915 | D:4      | Noticed Natasha
  3918 | D:4      | Killed Menkaure
  3920 | D:4      | Killed Natasha
  4451 | D:4      | Found a hazy altar of Hepliaklqana.
  4467 | D:4      | Noticed Natasha
  4470 | D:4      | Killed Natasha
  4501 | D:4      | Found a stormy altar of Qazlal.
  4669 | D:4      | Noticed Duvessa
  4669 | D:4      | Noticed Dowan
  4679 | D:4      | Killed Duvessa
  4680 | D:4      | Reached skill level 1 in Conjurations
  4682 | D:4      | Killed Dowan
  4683 | D:4      | Reached skill level 2 in Conjurations
  4944 | D:4      | Found a shimmering blue altar of Sif Muna.
  5343 | D:4      | Killed Crazy Yiuf
  5439 | D:5      | Entered Level 5 of the Dungeon
  5501 | D:5      | Reached skill level 3 in Conjurations
  5501 | D:5      | Reached XP level 8. HP: 41/41 MP: 9/22
  5609 | D:5      | Reached skill level 4 in Conjurations
  5734 | D:5      | Reached skill level 5 in Conjurations
  6057 | D:5      | Reached skill level 6 in Conjurations
  6799 | D:6      | Reached skill level 7 in Conjurations
  6850 | D:6      | HP: 1/40 [something/magic dart (6)]
  7237 | D:6      | Reached skill level 8 in Conjurations
  7267 | D:6      | Reached XP level 9. HP: 45/45 MP: 12/23
  7428 | D:6      | Reached skill level 9 in Conjurations
  7951 | D:6      | Found a staircase to the Ecumenical Temple.
  8034 | Temple   | Entered the Ecumenical Temple
  8417 | D:7      | Reached skill level 10 in Conjurations
  9234 | D:7      | Reached skill level 11 in Conjurations
  9588 | D:8      | Reached skill level 12 in Conjurations
  9967 | D:8      | Noticed a two-headed ogre
  9972 | D:8      | Killed a two-headed ogre
  9973 | D:8      | Reached XP level 10. HP: 55/55 MP: 14/24
 10726 | D:9      | Found a staircase to the Orcish Mines.
 11069 | D:9      | Reached skill level 5 in Fighting
 11120 | D:9      | Noticed Prince Ribbit
 11125 | D:9      | Killed Prince Ribbit
 11267 | D:9      | Noticed Psyche
 11272 | D:9      | Killed Psyche
 12438 | D:10     | Entered Level 10 of the Dungeon
 12441 | D:10     | Noticed a boulder beetle
 12713 | D:10     | Noticed a soul eater
 12824 | D:10     | Found a radiant altar of Vehumet.
 12836 | D:10     | Became a worshipper of Vehumet
 12963 | D:10     | Found a shimmering altar of Xom.
 13102 | D:10     | Reached XP level 11. HP: 68/68 MP: 12/25
 13281 | D:10     | a boulder beetle changed into a faun
 13544 | D:10     | Found an iron altar of Okawaru.
 13839 | D:11     | Identified the +1 leather armour of the Ancient Tusks
                  | {Will++ Int+4 Stlth-}
 14145 | D:11     | Found a hide-covered altar of Uskayaw.
 14214 | D:11     | Mangled by a gnoll sergeant

Illustrated notes

Levels and vault maps discovered:
D:1:      eino_arrival_cavern_a, layout_basic, serial_shops, shop,
          ebering_ecumenical_altar_petrified
D:2:      layout_loops_ring, uniq_jessica, uniq_sigmund
D:3:      layout_basic, uniq_ijyb
D:4:      layout_basic, mainiacjoe_overflow_brackets, kennysheep_mini_moat,
          nicolae_qazlal_scattered_showers, kennysheep_mini, grunt_ministairs_2,
          uniq_natasha, uniq_menkaure, uniq_duvessa, uniq_crazy_yiuf_cottage
D:5:      layout_gridville, serial_glass, glass_columns_c, glass_columns_c,
          feat_on_display, due_unseen_surprise, minmay_strange_pillars,
          item_on_display_a
D:6:      layout_cave_pools, minmay_temple_entry_waves,
          hangedman_decor_peaks_small
D:7:      layout_basic, reono_crystal_passage, hangedman_abyss_or_decor_stagger,
          nicolae_figureground_pulse
D:8:      layout_basic
D:9:      layout_gridville, orc_0_dummy, minmay_misc_feat_alley, uniq_psyche,
          uniq_prince_ribbit1
D:10:     nicolae_BIG_FREAKIN_CUBE, layout_basic,
          nicolae_overflow_crystal_walls, lemuel_coloured_pillars_altar,
          amcnicky_altar_gilded, eino_tiny_chamber, minivault_4
D:11:     layout_loops_ring, dpeg_oklobed_lair, eat_drink_and_be_merry_uskayaw
Temple:   nicolae_temple_bog_church

Skill      XL: |  1  2  3  4  5  6  7  8  9 10 11 |
---------------+----------------------------------+-----
Spellcasting   | 4 6 7 8 |  8.0
Earth Magic    | 4 5 6 8 |  8.0
Conjurations   | 3 8 12 | 12.2
Fighting       | 2 7 9 |  9.1
Dodging        | |  2.4
Stealth        | |  2.4
Transmutations | |  1.1

Action                   |  1- 3 |  4- 6 |  7- 9 | 10-12 || total
-------------------------+-------+-------+-------+-------++-------
Melee: Dagger            |     2 |     5 |       |       ||     7
       Short sword       |       |       |       |     4 ||     4
 Cast: Sandblast         |    46 |    78 |    42 |    55 ||   221
       Stone Arrow       |       |       |   125 |    79 ||   204
Evoke: Wand              |       |       |       |     4 ||     4
  Use: Scroll            |       |       |     9 |     1 ||    10
       Potion            |       |       |     2 |     3 ||     5
Armor: Robe              |     1 |    15 |    12 |    15 ||    43
       Leather armour    |       |       |       |     3 ||     3
Dodge: Dodged            |     9 |    23 |    17 |    60 ||   109
